 Dungeon Crawl Stone Soup version 0.30-a0-475-g03497ec522 (webtiles) character file.

Game seed: 12338176612477596302

97659 Mitcholas the Messiah (level 16, 147/147 HPs)
             Began as a Hill Orc Monk on Dec 18, 2022.
             Was the Champion of Beogh.
             Quit the game on level 3 of the Lair of Beasts on Dec 20, 2022.
             The game lasted 01:49:46 (25403 turns).

Mitcholas the Messiah (Hill Orc Monk)              Turns: 25403, Time: 01:49:46

Health: 147/147    AC: 28    Str: 22    XL:     16   Next: 20%
Magic:  27/28      EV:  8    Int: 14    God:    Beogh [******]
Gold:   1733       SH: 15    Dex: 13    Spells: 15/15 levels left

rFire   + . .      SeeInvis .    e - +2 broad axe (vorpal)
rCold   + + .      Faith    .    v - +1 buckler of the Arcane {Rampage}
rNeg    + . .      Spirit   +    X - +4 plate armour {rN+}
rPois   +          Reflect  .    M - +0 helmet
rElec   .          Harm     .    h - +2 cloak
rCorr   .          Rampage  +    K - +2 pair of gloves
Will    +....                    (no boots)
Stlth   ..........               T - brooch of Shielding {Spirit SH+8}
HPRegen 0.44/turn                x - ring of protection from fire
MPRegen 0.21/turn                b - ring "Wiseghug" {Fly rPois rC++ Int+4}

@: flying, studying 2 skills
A: walk on water
a: Renounce Religion, Smiting, Recall Orcish Followers, Give Item to Named
Follower, Resurrection


You were on level 3 of the Lair of Beasts.
You worshipped Beogh.
Beogh was exalted by your worship.
You visited 6 branches of the dungeon, and saw 25 of its levels.

You collected 2093 gold pieces.
You spent 360 gold pieces at shops.

Inventory:

Hand Weapons
 e - a +2 vorpal broad axe (weapon)
 B - a +2 eveningstar of protection
Missiles
 p - 3 throwing nets
 u - 14 poisoned darts (quivered)
 A - a curare-tipped dart
Armour
 h - a +2 cloak (worn)
 v - the +1 buckler of the Arcane (worn) {Rampage}
   (You found it on level 10 of the Dungeon)

   Rampage:   It bestows one free step when moving towards enemies.
 K - a +2 pair of gloves (worn)
 M - a +0 helmet (worn)
 X - a +4 plate armour of positive energy (worn)
Jewellery
 b - the ring "Wiseghug" (right hand) {Fly rPois rC++ Int+4}
   (You acquired it on level 1 of the Orcish Mines)

   [ring of flight]

   Int:       It affects your intelligence (+4).
   rC:        It greatly protects you from cold.
   rPois:     It protects you from poison.
   Fly:       It grants you flight.
 x - a ring of protection from fire (left hand)
 R - a ring of resist corrosion
 S - the ring "Nomotoan" {rC+ SInv}
   (You found it on level 1 of the Lair of Beasts)

   [ring of see invisible]

   rC:        It protects you from cold.
   SInv:      It lets you see invisible.
 T - the brooch of Shielding (around neck) {Spirit SH+8}
   (You found it on level 5 of the Lair of Beasts)

   [amulet of guardian spirit]

   It causes incoming damage to be divided between your reserves of health and
   magic.
   SH:        It affects your SH (+8).
Wands
 r - a wand of digging (19)
 t - a wand of iceblast (15)
 z - a wand of quicksilver (13)
 C - a wand of flame (24)
 E - a wand of paralysis (3)
 F - a wand of polymorph (6)
 Q - a wand of mindburst (16)
Scrolls
 f - 10 scrolls of teleportation
 i - a scroll of silence
 k - 3 scrolls of amnesia
 s - 7 scrolls of enchant armour
 y - 5 scrolls of magic mapping
 I - 2 scrolls of fog
 L - a scroll of blinking
 O - a scroll of fear
 P - a scroll of butterflies
 Y - a scroll of brand weapon
Potions
 a - 6 potions of brilliance
 c - 8 potions of ambrosia
 d - 4 potions of lignification
 g - 3 potions of berserk rage
 j - 4 potions of might
 l - 2 potions of attraction
 m - 8 potions of curing
 n - 4 potions of cancellation
 o - 3 potions of mutation
 q - 3 potions of resistance
 w - a potion of magic
 D - 3 potions of haste
 G - 3 potions of heal wounds
 H - 2 potions of flight
Miscellaneous
 J - a piece from Xom's chessboard (15/15)
 N - a tin of tremorstones (2/2)
 U - a condenser vane
 V - a phial of floods


   Skills:
 + Level 14.4 Fighting
 - Level 17.3(19.6) Axes
 - Level 13.2(16.0) Maces & Flails
 + Level 12.9 Armour
 + Level 3.8 Dodging
 - Level 1.5 Stealth
 + Level 7.1 Shields
 * Level 17.9 Invocations
 + Level 8.0 Evocations


You had 15 spell levels left.
You didn't know any spells.
Your spell library contained the following spells:

 Spells                   Type           Power      Damage    Failure   Level
 Kiss of Death            Conj/Necr      0%         2d5       98%         1
 Magic Dart               Conj           0%         1d3       98%         1
 Summon Small Mammal      Summ           0%         N/A       98%         1
 Call Imp                 Summ           0%         N/A       99%         2
 Ensorcelled Hibernation  Hex/Ice        0%         N/A       99%         2
 Passwall                 Tmut/Erth      0%         N/A       99%         2
 Searing Ray              Conj           0%         2d4       99%         2
 Call Canine Familiar     Summ           0%         N/A       100%        3
 Confusing Touch          Hex            0%         N/A       100%        3
 Hailstorm                Conj/Ice       0%         3d3       100%        3
 Ignite Poison            Fire/Tmut/Pois 0%         N/A       100%        3
 Inner Flame              Hex/Fire       0%         N/A       100%        3
 Kindle Blastsparks       Fire/Tloc/Air  0%         2d10      100%        3
 Mephitic Cloud           Conj/Pois/Air  0%         N/A       100%        3
 Spider Form              Tmut/Pois      0%         N/A       100%        3
 Summon Guardian Golem    Hex/Summ       0%         N/A       100%        3
 Swiftness                Air            0%         N/A       100%        3
 Anguish                  Hex/Necr       0%         N/A       100%        4
 Dispel Undead            Necr           0%         3d6       100%        4
 Fulminant Prism          Conj/Hex       0%         3d5       100%        4
 Freezing Cloud           Conj/Ice/Air   0%         6-21      100%        5
 Summon Forest            Summ/Tloc      0%         N/A       100%        5
 Summon Mana Viper        Hex/Summ       0%         N/A       100%        5
 Summon Cactus Giant      Summ           0%         N/A       100%        6
 Orb of Destruction       Conj           0%         9d5       100%        7
 Spellforged Servitor     Conj/Summ      0%         N/A       100%        7


Dungeon Overview and Level Annotations

Branches:
Dungeon (15/15)            Temple (1/1) D:6            Lair (5/5) D:11
 Shoals (1/4) Lair:2        Snake (1/4) Lair:3        Slime (0/5) Lair:5
    Orc (2/2) D:11            Elf (0/3) Orc:2        Vaults (0/5) D:13
 Depths (0/4) D:15

Altars:
Ashenzari
Cheibriados
Dithmenos
Elyvilon
Fedhas
Gozag
Hepliaklqana
Kikubaaqudgha
Makhleb
Nemelex Xobeh
Okawaru
Qazlal
Ru
Sif Muna
Trog
Uskayaw
Vehumet
Wu Jian
Xom
Yredelemnul
Zin
The Shining One
Jiyva

Shops:
D:2 *   D:7 (   D:9 *   Orc:1 [   Orc:2 *=[:

Portals:
Trove: D:13 (give 8 potions of haste)

Annotations:
D:4 2 transporters, Iich's ghost, weakling HOFi
D:12 3 runed translucent doors
D:13 2 runed translucent doors, Ucehow's ghost, journeyman VSBr
D:14 3 runed translucent doors, Dordric's ghost, journeyman TrCK


Message History

Orbeogh shoots a bolt.
The bolt closely misses the naga.
You see here a black mamba corpse.
Orbeogh shoots a bolt.
Beogh accepts your kill.
You feel a bit more experienced. What are your orders? t - Shout!
Orders for allies: a - Attack new target. r - Retreat! s - Stop attacking. g - Guard the area. f - Follow me.
Anything else - Cancel.
Retreat in which direction?
Press: ? - help, Dir - move target Fall back!
A mana viper comes into view.
The mana viper hisses angrily.
A black mamba comes into view.
A mana viper comes into view.
The black mamba moves out of view.
Things that are here:
a +0 battleaxe; a +0 arbalest A naga ritualist comes into view.
It is wielding a +0 war axe.
The naga ritualist shouts!
There is a staircase back to the Lair, spattered with blood here.
You see here a black mamba skeleton.
You fly upwards.
Welcome back to the Lair of Beasts!
There is a staircase to the Snake Pit here.
You start resting.
Magic restored.
You start resting.
HP restored.
You begin recalling your allies.
Bogbrand is recalled.
Orbeogh is recalled.
Your orc high priest is recalled.
Your orc sorcerer is recalled.
Your orc knight is recalled.
Your orc priest is recalled.
Your orc knight is recalled.
Borgoth is recalled.
Orbeogh cheers to no one in particular.
Your orc sorcerer is recalled.
Brunolf is recalled.
Boldo is recalled.
Your orc warrior is recalled.
You stop recalling your allies.
Are you sure you want to abandon this character and quit the game? (Confirm with "yes".)

.##.........## #...#######..###.
.##..........## ##..# #....##..
.......###....###...# ##<..###.
.......# ##...##P...# ##...##.
~~....## ###..##P..## #..###.
~~~....###.#..###..## #####..#.#.
≈~~.....P.#..####...###.....##...
≈~.#...o.....##oooo........###...
≈~.~#.....#...oo@oo.P##..##.#....
≈~~....#####...ooo.P########.....
~~.##### ###..o..## #......
.~.P## #......P## #..###. ....P#
##..###...# #..# ## #....##
##....#....### ##.## ## ##....##
#....####..P.# #..# ##. #.##...#
##...# #....## #.####.. ####...#
##..# #.#...######....


You could see the friendly Bogbrand the orc warlord, 2 friendly orc knights, the
friendly Borgoth the orc knight, the friendly Brunolf the orc knight, the
friendly Orbeogh the orc knight, a friendly orc high priest, 2 friendly orc
sorcerers, a friendly orc warrior, a friendly orc priest and the friendly Boldo
the orc wizard.

Vanquished Creatures
  A stone giant (D:15)
  A fire dragon (D:14)
  A hydra (Lair:2)
  An ogre mage (D:13)
  3 centaur warriors (D:15)
  2 boulder beetles (D:12)
  Erica (D:9)
  6 two-headed ogres
  8 death yaks
  An anaconda (Snake:1)
  3 tengu warriors
  A naga sharpshooter (Snake:1)
  2 fire crabs (Lair:4)
  A skeletal warrior (D:15)
  Pikel (D:5)
  3 orc knights
  2 mana vipers (Snake:1)
  A naga ritualist (Snake:1)
  A harpy (shapeshifter) (D:13)
  3 deep elf pyromancers
  4 orc sorcerers
  12 ugly things
  5 cyclopes
  2 oklob plants
  3 manticores
  16 black mambas
  A guardian serpent (Snake:1)
  An elephant (Lair:4)
  Maurice (D:8)
  A centaur zombie (D:10)
  8 cane toads
  A gargoyle (D:12)
  An unseen horror (D:12)
  A spectral unseen horror (D:10)
  An unseen horror zombie (D:10)
  A kobold demonologist (D:13)
  An efreet (D:12)
  3 freezing wraiths
  A rime drake (Lair:2)
  2 komodo dragons
  9 trolls
  2 merfolk (Lair:2)
  A hornet (Lair:4)
  8 blink frogs (Lair:5)
  2 dream sheep
  A polar bear (Lair:4)
  9 slime creatures (D:12)
  A meliai zombie (D:10)
  5 flying skulls (D:10)
  5 shadows
  A spectral black mamba (D:10)
  2 vampires (D:10)
  3 wyverns
  Sigmund (D:2)
  7 wraiths
  32 yaks
  2 basilisks
  2 steam dragons
  10 vampire mosquitoes
  Edmund (D:6)
  A naga (Snake:1)
  An acid dragon (D:9)
  A swamp worm (Lair:1)
  5 wargs
  12 water moccasins
  A hell hound (D:10)
  Duvessa (D:6)
  8 orc warriors
  2 ice beasts (D:6)
  2 sky beasts (D:7)
  A black bear (Lair:2)
  A black bear (shapeshifter) (D:14)
  3 black mamba simulacra (D:10)
  7 ogres
  8 wolves
  2 lemures (D:5)
  4 centaurs
  2 kobold brigands
  A phantom (D:11)
  A gnoll sergeant (D:7)
  2 scorpions
  7 bullfrogs
  3 necrophages
  A wight (D:8)
  Dowan (D:6)
  4 electric eels
  3 howler monkeys
  4 hounds
  3 orc priests
  A jelly (D:8)
  3 centaur skeletons (D:10)
  Jessica (D:3)
  Natasha (thrice) (D:2)
  Ijyb (D:3)
  4 iguanas
  11 orc wizards
  2 hell rats (D:10)
  5 ogre zombies (D:11)
  Robin (D:4)
  6 gnolls
  5 adders
  2 shadow imps (D:6)
  4 white imps
  An ufetubus (D:6)
  3 dart slugs
  17 orcs
  4 bats
  6 endoplasms
  2 giant cockroaches
  18 goblins
  13 hobgoblins
  9 jackals
  6 quokkas
  5 ball pythons
  3 frilled lizards
  A goblin zombie (D:11)
  3 hobgoblin zombies (D:11)
  12 kobolds
  2 orc skeletons (D:11)
  8 orc zombies (D:11)
  4 rats
471 creatures vanquished.

Vanquished Creatures (collateral kills)
  Harold (Lair:2)
  2 hydras
  5 boulder beetles
  4 two-headed ogres
  2 death knights
  2 catoblepae
  3 death yaks (Lair:4)
  A naga sharpshooter (Snake:1)
  A tengu warrior (D:12)
  A skeletal warrior (D:12)
  2 naga ritualists (Snake:1)
  2 wizards (D:12)
  A lindwurm (Lair:5)
  4 ugly things
  A spectral boulder beetle (D:10)
  2 cyclopes (D:12)
  6 elephants (Lair:3)
  A spectral centaur (D:10)
  11 cane toads
  Maggie (Lair:2)
  A torpor snail (Lair:1)
  A naga mage (Snake:1)
  4 black mambas
  4 gargoyles
  3 centaur zombies (D:10)
  An unseen horror zombie (D:10)
  2 komodo dragons
  4 rime drakes
  3 trolls (D:12)
  3 polar bears
  3 tyrant leeches (Lair:5)
  Prince Ribbit (D:8)
  5 dream sheep
  15 blink frogs (Lair:5)
  3 shadows (D:10)
  6 flying skulls (D:10)
  8 wraiths
  27 yaks
  A vampire (D:10)
  3 basilisks
  A steam dragon (D:9)
  4 vampire mosquitoes
  3 swamp worms (Lair:1)
  A naga (Snake:1)
  A warg (D:10)
  5 water moccasins
  A hell hound (D:10)
  3 orc warriors
  A black bear (shapeshifter) (D:15)
  A boulder beetle simulacrum (D:10)
  A black mamba simulacrum (D:10)
  5 centaurs
  9 wolves
  A phantom (D:11)
  11 bullfrogs
  A scorpion (Lair:4)
  3 electric eels
  A hound (D:11)
  4 orc priests
  A hell rat (D:10)
  6 orc wizards
  2 centaur simulacra (D:10)
  3 ogre zombies (D:11)
  A howler monkey zombie (D:10)
  A howler monkey simulacrum (D:10)
  5 orcs
  3 goblin zombies (D:11)
  A hobgoblin skeleton (D:11)
  An orc skeleton (D:11)
  6 orc zombies (D:11)
  A fungus (Lair:1)
239 creatures vanquished.

Vanquished Creatures (others)
  A hydra (Lair:4)
  An orc sorcerer (Snake:1)
  An orc knight (Snake:1)
  11 orc warriors
  A warg (D:10)
  A phantom (D:6)
  A necrophage (D:6)
  5 orc priests
  6 orc wizards
  An adder (D:6)
  2 gnolls (D:6)
  32 orcs
  44 fungi
  109 plants
  A tentacle (Shoals:1)
  A withered plant (D:10)
218 creatures vanquished.

Grand Total: 928 creatures vanquished

Notes
Turn   | Place    | Note
-------+----------+-------------------------------------------
     0 | D:1      | Mitcholas the Hill Orc Monk began the quest for the Orb.
     0 | D:1      | Reached XP level 1. HP: 19/19 MP: 1/1
    96 | D:1      | Reached XP level 2. HP: 14/27 MP: 2/2
   268 | D:1      | Reached skill level 1 in Armour
   476 | D:1      | Reached XP level 3. HP: 33/33 MP: 3/3
   802 | D:1      | Reached skill level 5 in Axes
   924 | D:2      | Found Qagotam Opox's Assorted Antiques.
  1025 | D:2      | Noticed Sigmund
  1043 | D:2      | Killed Sigmund
  1044 | D:2      | Reached XP level 4. HP: 17/41 MP: 4/4
  1044 | D:2      | Reached XP level 5. HP: 20/47 MP: 5/5
  1707 | D:2      | Reached XP level 6. HP: 55/55 MP: 6/6
  1711 | D:2      | Reached skill level 5 in Fighting
  1781 | D:2      | Noticed Natasha
  1785 | D:2      | Killed Natasha
  1793 | D:2      | Noticed Natasha
  1799 | D:2      | Killed Natasha
  2223 | D:2      | Noticed Natasha
  2233 | D:2      | Killed Natasha
  2679 | D:2      | Found Qagotam Opox's Assorted Antiques.
  3026 | D:3      | Found a shadowy altar of Dithmenos.
  3056 | D:3      | Found a snail-covered altar of Cheibriados.
  3082 | D:3      | Noticed Jessica
  3091 | D:3      | Killed Jessica
  3199 | D:3      | Noticed Ijyb
  3211 | D:3      | Killed Ijyb
  3444 | D:3      | Found a shimmering altar of Xom.
  3700 | D:3      | Found a faded altar of an unknown god.
  3932 | D:4      | Found a transporter.
  3951 | D:4      | Reached XP level 7. HP: 56/61 MP: 7/7
  3951 | D:4      | Noticed Robin
  3986 | D:4      | Killed Robin
  4123 | D:4      | Found an ancient bone altar of Kikubaaqudgha.
  4357 | D:4      | Found a transporter.
  4361 | D:4      | Noticed Iich's ghost (weakling HOFi)
  4392 | D:4      | Found an iron altar of Okawaru.
  4710 | D:5      | Entered Level 5 of the Dungeon
  4841 | D:5      | Noticed a yak
  4848 | D:5      | Killed a yak
  5108 | D:5      | Reached XP level 8. HP: 71/71 MP: 8/8
  5236 | D:5      | Found a blossoming altar of Fedhas.
  5312 | D:5      | Found a broken altar of Ashenzari.
  5437 | D:5      | Noticed Pikel
  5495 | D:5      | Killed Pikel
  5496 | D:5      | Reached skill level 10 in Axes
  5496 | D:5      | Reached skill level 5 in Armour
  5930 | D:5      | Found a glowing silver altar of Zin.
  6159 | D:6      | Found a staircase to the Ecumenical Temple.
  6169 | D:6      | Became a worshipper of Beogh the Brigand
  6169 | D:6      | Reached * piety under Beogh
  6169 | D:6      | Reached ** piety under Beogh
  6184 | D:6      | Noticed a manticore
  6205 | D:6      | Killed a manticore
  6206 | D:6      | Reached XP level 9. HP: 10/81 MP: 9/9
  6469 | D:6      | Noticed a two-headed ogre
  6482 | D:6      | Killed a two-headed ogre
  6687 | D:6      | Noticed Dowan
  6701 | D:6      | Killed Dowan
  6702 | D:6      | Reached skill level 1 in Invocations
  6714 | D:6      | Noticed Duvessa
  6724 | D:6      | Killed Duvessa
  6739 | D:6      | Reached skill level 1 in Evocations
  6766 | D:6      | Noticed Edmund
  7038 | D:6      | You fall into a shaft and drop 1 floor!
  7124 | D:6      | Found an ornate altar of the Wu Jian Council.
  7216 | D:6      | Killed Edmund
  7217 | D:6      | Reached XP level 10. HP: 80/90 MP: 12/12
  7321 | D:6      | Found a shimmering blue altar of Sif Muna.
  7436 | Temple   | Entered the Ecumenical Temple
  7625 | D:7      | Found a hazy altar of Hepliaklqana.
  7659 | D:7      | Found Pethel's Antique Weapon Emporium.
  7665 | D:7      | Bought a glowing eveningstar for 360 gold pieces
  8087 | D:7      | Reached *** piety under Beogh
  8666 | D:8      | Reached skill level 5 in Invocations
  8708 | D:8      | Noticed Maurice
  8735 | D:8      | Killed Maurice
  8758 | D:8      | Noticed Prince Ribbit
  8765 | D:8      | Killed Prince Ribbit
  9055 | D:9      | Noticed a +0 short sword
  9056 | D:9      | Noticed a +0 spear
  9056 | D:9      | Noticed a +0 falchion
  9057 | D:9      | Noticed a +0 dagger
  9057 | D:9      | Noticed a +0 spear
  9058 | D:9      | Noticed a +0 falchion
  9058 | D:9      | Noticed a +0 dagger
  9063 | D:9      | Noticed a +0 short sword
  9064 | D:9      | Noticed a two-headed ogre
  9065 | D:9      | Found a hide-covered altar of Uskayaw.
  9075 | D:9      | Killed a two-headed ogre
  9246 | D:9      | Reached XP level 11. HP: 83/99 MP: 16/16
  9264 | D:9      | Identified the +8 mace of Pybeveot {pain, rF+ Dex+4}
  9345 | D:9      | Noticed Erica
  9357 | D:9      | Killed Erica
  9473 | D:9      | Found Xiumothro's Gadget Gallery.
  9677 | D:10     | Entered Level 10 of the Dungeon
  9705 | D:10     | Reached skill level 10 in Fighting
  9705 | D:10     | Reached **** piety under Beogh
  9709 | D:10     | Noticed a two-headed ogre
  9721 | D:10     | Killed a two-headed ogre
  9756 | D:10     | Reached skill level 15 in Axes
  9918 | D:10     | Noticed a two-headed ogre
  9924 | D:10     | Killed a two-headed ogre
  9925 | D:10     | Reached skill level 5 in Evocations
  9925 | D:10     | Noticed a cyclops
  9938 | D:10     | Killed a cyclops
  9939 | D:10     | Reached XP level 12. HP: 59/108 MP: 19/19
 10056 | D:10     | Reached skill level 10 in Invocations
 10400 | D:10     | Reached ***** piety under Beogh
 10651 | D:10     | Found an ancient bone altar of Kikubaaqudgha.
 10714 | D:10     | Identified the +1 buckler of the Arcane {Rampage}
 10818 | D:11     | Noticed a two-headed ogre
 10830 | D:11     | Killed a two-headed ogre
 10885 | D:11     | Found a staircase to the Lair.
 10891 | D:11     | Gained Orbeogh as an ally
 10897 | D:11     | Reached skill level 1 in Shields
 10901 | D:11     | Reached skill level 10 in Armour
 11064 | D:11     | Found a staircase to the Orcish Mines.
 11071 | D:11     | Gained Borgoth as an ally
 11459 | Lair:1   | Entered Level 1 of the Lair of Beasts
 11549 | Lair:1   | Reached XP level 13. HP: 83/117 MP: 22/22
 11600 | Lair:1   | Identified the ring "Nomotoan" {rC+ SInv}
 11777 | Lair:1   | Reached ****** piety under Beogh
 12275 | Orc:1    | Entered Level 1 of the Orcish Mines
 12297 | Orc:1    | Gained Boldo as an ally
 12491 | Orc:1    | Identified a scroll of acquirement
 12491 | Orc:1    | Acquired the ring "Wiseghug" {Fly rPois rC++ Int+4}
 12498 | Orc:2    | Entered Level 2 of the Orcish Mines
 12620 | Orc:2    | Found a staircase to the Elven Halls.
 12912 | Orc:1    | Found Binkut's Armour Shop.
 13951 | Orc:2    | Found Vuiqageebu's Jewellery Shop.
 13951 | Orc:2    | Found Tejesel's Armour Shoppe.
 13953 | Orc:2    | Found Xymuesuo's Book Emporium.
 13955 | Orc:2    | Found Fith's General Store.
 14437 | Lair:2   | Found a radiant altar of Vehumet.
 14701 | Lair:2   | Noticed Maggie
 14716 | Lair:2   | Killed Maggie
 14799 | Lair:2   | Noticed Harold
 14809 | Lair:2   | Killed Harold
 15103 | Lair:2   | Found a staircase to the Shoals.
 15407 | Lair:3   | Reached skill level 1 in Maces & Flails
 15407 | Lair:3   | Reached skill level 5 in Shields
 15412 | Lair:3   | Found a staircase to the Snake Pit.
 15441 | Lair:3   | Gained Bogbrand as an ally
 15925 | Lair:3   | Reached XP level 14. HP: 121/127 MP: 25/25
 16579 | Lair:3   | Upgraded the game from 0.30-a0-465-g8901f6c8b5 to
                  | 0.30-a0-469-g84de5afbc5
 16599 | Lair:4   | Reached skill level 5 in Maces & Flails
 16611 | Lair:4   | Reached skill level 15 in Invocations
 16780 | Lair:4   | You are sucked into a shaft and drop 1 floor!
 16780 | Lair:5   | Entered Level 5 of the Lair of Beasts
 17617 | Lair:4   | Gained Orbeogh as an ally
 17789 | Lair:4   | Paralysed by a hornet for 1 turns
 17899 | Lair:4   | Identified the +6 arbalest "Guhom" {freeze, SInv}
 18054 | Lair:5   | Gained Brunolf as an ally
 18081 | Lair:5   | Found a staircase to the Slime Pits.
 18081 | Lair:5   | Found a viscous altar of Jiyva.
 18607 | Lair:5   | Found the brooch of Shielding {Spirit SH+8}
 19023 | Lair:5   | Reached XP level 15. HP: 136/136 MP: 27/27
 19277 | Shoals:1 | Entered Level 1 of the Shoals
 19277 | Shoals:1 | Noticed a kraken
 19550 | D:12     | Upgraded the game from 0.30-a0-469-g84de5afbc5 to
                  | 0.30-a0-475-g03497ec522
 19780 | D:12     | Reached skill level 10 in Maces & Flails
 20168 | D:12     | Gained Borgk as an ally
 20556 | D:12     | Identified the +8 quarterstaff "Giecuff" {venom, rElec MP+9
                  | Int-4 Stlth+}
 20655 | D:12     | Found a runed translucent door.
 20656 | D:12     | Found a runed translucent door.
 20659 | D:12     | Found a runed translucent door.
 21180 | D:13     | Noticed Ucehow's ghost (journeyman VSBr)
 21181 | D:13     | Noticed a lich
 21182 | D:13     | Noticed a tengu reaver
 21182 | D:13     | Noticed a shadow dragon
 21207 | D:13     | Gained Borgun as an ally
 21214 | D:13     | Found a gate to the Vaults.
 21463 | D:13     | Found a runed translucent door.
 21470 | D:13     | Found a portal to a secret trove of treasure.
 21497 | D:13     | Found a runed translucent door.
 22135 | D:14     | Found a blossoming altar of Fedhas.
 22179 | D:14     | Got the Tome of Congelation and Hexing
 22235 | D:14     | Found a broken altar of Ashenzari.
 22360 | D:14     | Found a runed translucent gate.
 22360 | D:14     | Found a runed translucent gate.
 22360 | D:14     | Found a runed translucent gate.
 22362 | D:14     | Noticed Dordric's ghost (journeyman TrCK)
 23018 | D:15     | Entered Level 15 of the Dungeon
 23652 | D:15     | Found a staircase to the Depths.
 24893 | Snake:1  | Entered Level 1 of the Snake Pit
 24900 | Snake:1  | Reached XP level 16. HP: 114/147 MP: 21/28
 25168 | Snake:1  | Your ally Borgk died
 25403 | Lair:3   | Quit the game

Illustrated notes

Levels and vault maps discovered:
D:1:      minmay_arrival_split_and_join, layout_rooms, grunt_decor_fettered,
          minmay_circled_x
D:2:      layout_basic, serial_shops, shop_statue, minmay_tromino_v4_b,
          uniq_sigmund, uniq_natasha
D:3:      minmay_inner_zag, layout_rooms, mainiacjoe_overflow_catwalk_spiral,
          cheibriados_altar_1, shapermc_ecumenical_altar_gd, uniq_jessica,
          uniq_ijyb
D:4:      layout_basic, okawaru_trees_2, kiku_gazebo_garden_becter,
          gammafunk_ghost_mausoleum, kennysheep_generic_room_2, uniq_robin
D:5:      layout_basic, zin_academy, mainiacjoe_overflow_two_lobes,
          minmay_manual_mess, uniq_pikel
D:6:      layout_cave_pools, tgw_sif, kennysheep_little_box,
          minmay_temple_entry_metal_lava, grunt_ministairs_8,
          minmay_manual_monstrance, uniq_edmund, uniq_duvessa
D:7:      layout_rooms, nzn_hepliaklqana_mist_gate, serial_shops, shop_statue,
          chequers_jeans
D:8:      minmay_skewed_foursquare, layout_gridville, uniq_maurice,
          uniq_prince_ribbit1
D:9:      layout_cave_pools, nicolae_uskayaw_en_pointe, nicolae_shop_gadgets,
          uniq_erica
D:10:     lemuel_vampire_tower, layout_irregular_city, serial_undead,
          serial_undead_d, serial_undead_d, serial_undead_c, serial_undead_d
D:11:     layout_rooms, erik_lair_island, zombieorc2_lemuel
D:12:     minmay_the_grid_triangle_9x9_line_8_mashed
          [minmay_the_grid_triangle_9x9_swiss_cheese,
          minmay_the_grid_triangle_9x9_windchime,
          minmay_the_grid_triangle_9x9_intruding_spiral,
          minmay_the_grid_triangle_9x9_pentomino_pain,
          minmay_the_grid_triangle_9x9_skeleton,
          minmay_the_grid_triangle_9x9_fully_insulated_deathbox,
          minmay_the_grid_triangle_9x9_corrupted_corridor,
          minmay_the_grid_triangle_9x9_prize_schism], layout_irregular_city
D:13:     layout_loops_ring, david_vaults_2, nicolae_trove_entry_crystal,
          muffindrake_ghost_dual_entry
D:14:     layout_irregular_city, gammafunk_ghost_hydra_chop, fedhas_altar_2,
          nicolae_ashenzari_skybound
D:15:     grunt_enter_depths_snipers, layout_loops_ring, serial_park_tiny_2
Temple:   compressed_dpeg_circular_temple
Lair:1:   layout_long_grid, worms_lemuel, grunt_megastairs_5,
          infiniplex_staircase_pool, serial_bayou_shore_b
Lair:2:   layout_chaotic_city, elwin_shoals_entry_rooms, lemuel_oklob_altar,
          uniq_harold, uniq_maggie
Lair:3:   layout_concentric_octagons, minmay_snake_entry_six_corridors,
          chequers_serial_rivers_room_b, beast_lair_carwin_11,
          lemuel_fruit_tree, infiniplex_staircase_pool_2
Lair:4:   layout_regular_city, nicolae_lair_lakeside_cave
Lair:5:   minmay_lair_end_frog_pond, layout_regular_city, slime_entry_1,
          minmay_lair_oklob_items, serial_bayou_pond_d, lemuel_fruit_fields
Shoals:1: layout_shoals
Snake:1:  layout_misc_corridors, hangedman_snake_corridor_cut
Orc:1:    layout_diamond_mine, serial_shops, shop_statue
Orc:2:    st_orc_rangers, layout_diamond_mine

Skill      XL: |  1  2  3  4  5  6  7  8  9 10 11 12 13 14 15 16 |
---------------+-------------------------------------------------+-----
Armour         | 1 2 3 4 6 7 8 9 10 11 12 | 12.9
Fighting       | 4 5 6 7 8 9 10 11 12 13 14 | 14.4
Axes           | 6 7 9 11 12 14 15 16 17 | 17.3
Invocations    | 3 7 9 12 14 16 17 | 17.9
Evocations     | 1 3 5 6 7 8 |  8.0
Shields        | 2 5 6 7 |  7.1
Maces & Flails | 3 9 12 13 | 13.2
Dodging        | 3 |  3.8
Stealth        | |  1.5

Action                   |  1- 3 |  4- 6 |  7- 9 | 10-12 | 13-15 | 16-18 || total
-------------------------+-------+-------+-------+-------+-------+-------++-------
Melee: Hand axe          |   144 |    82 |       |       |       |       ||   226
       Punch             |     2 |     1 |     2 |     7 |       |       ||    12
       War axe           |       |    11 |   225 |   488 |   158 |       ||   882
       Broad axe         |       |       |       |       |   824 |    55 ||   879
       Eveningstar       |       |       |       |       |    67 |       ||    67
Throw: Dart              |       |       |       |     6 |     8 |       ||    14
Invok: Convert to Beogh  |       |       |     1 |       |       |       ||     1
       Recall Orcish Fol |       |       |       |     2 |    11 |     1 ||    14
       Give Item to Name |       |       |       |     1 |     4 |       ||     5
       Stop Recall       |       |       |       |     1 |     5 |     1 ||     7
Evoke: Wand              |       |       |     6 |    10 |     5 |       ||    21
  Use: Scroll            |     3 |     8 |     5 |     1 |    12 |     3 ||    32
       Potion            |       |       |     1 |       |       |       ||     1
 Stab: Sleeping          |       |     1 |       |       |       |       ||     1
       Paralysed         |       |       |     6 |     3 |       |       ||     9
       Distracted        |       |       |       |     6 |     8 |     2 ||    16
Armor: Robe              |     8 |       |       |       |       |       ||     8
       Ring mail         |    51 |    12 |       |       |       |       ||    63
       Leather armour    |     1 |       |       |       |       |       ||     1
       Scale mail        |       |    14 |    40 |       |       |       ||    54
       Chain mail        |       |       |    33 |   236 |   406 |       ||   675
       Plate armour      |       |       |       |       |   123 |    40 ||   163
Dodge: Dodged            |    81 |    51 |   161 |   259 |   270 |    18 ||   840
Block: Buckler           |       |       |       |    16 |   405 |    52 ||   473

Table legend: (Time is in decaauts)
 A = Elapsed time spent in this place.
 B = Non-inter-level travel time spent in this place.
 C = Inter-level travel time spent in this place.
 D = Time resting spent in this place.
 E = Time spent auto-exploring this place.
 F = Levels seen in this place.
 G = Mean time per level.
                   A        B        C        D        E       F      G
               +--------+--------+--------+--------+--------+-----+--------+
         Total |  25113 |  23248 |   1865 |   3561 |  12533 |  25 | 1004.5 |
       Dungeon |  16599 |  15523 |   1076 |   2304 |   8911 |  15 | 1106.6 |
        Temple |     97 |     73 |     24 |      0 |     66 |   1 |   97.0 |
          Lair |   6180 |   5711 |    469 |   1144 |   2929 |   5 | 1236.0 |
        Shoals |      7 |      7 |      0 |      0 |      0 |   1 |    7.0 |
     Snake Pit |    116 |    116 |      0 |     25 |      2 |   1 |  116.0 |
  Orcish Mines |   2112 |   1817 |    295 |     88 |    625 |   2 | 1056.0 |
               +--------+--------+--------+--------+--------+-----+--------+

Top non-repeatable levels by time:
     D:2: 2097 daAuts
     D:5: 1685 daAuts
  Lair:3: 1640 daAuts
   Orc:2: 1440 daAuts
  Lair:4: 1421 daAuts
    D:15: 1421 daAuts
    D:12: 1413 daAuts
    D:10: 1176 daAuts
  Lair:2: 1172 daAuts
     D:6: 1100 daAuts
  Lair:5: 1099 daAuts
    D:13: 1065 daAuts
    D:11: 1063 daAuts
     D:1: 904 daAuts
    D:14: 899 daAuts
